 Dungeon Crawl Stone Soup version 0.17.1-1-g73c8601 (webtiles) character file.

7788 shmeve the Fighter (level 11, 0/153 HPs)
             Began as a Minotaur Berserker on Apr 21, 2016.
             Was a High Priest of Trog.
             Slain by a swamp worm (8 damage)
             ... on level 9 of the Dungeon.
             The game lasted 00:20:22 (7378 turns).

shmeve the Fighter (Minotaur Berserker)             Turns: 7378, Time: 00:20:22

Health: 0/153      AC: 18    Str: 28    XL:     11   Next: 1%
Magic:  10/10      EV: 10    Int:  5    God:    Trog [*****.]
Gold:   468        SH:  0    Dex: 11    Spells: 0 memorised, 10 levels left

rFire  . . .     SeeInvis .     I - +2 hand axe (vamp)
rCold  . . .     Clarity  .     O - +0 plate armour
rNeg   . . .     SustAt   .     (no shield)
rPois  +         Gourm    .     (helmet restricted)
rElec  .         Spirit   .     b - +0 cloak
rCorr  +         Warding  .     a - +2 pair of gloves
rMut   .         Stasis   .     (no boots)
MR     .....                    x - amulet of resist corrosion
Stlth  ..........               N - +3 ring of slaying
                                m - ring of poison resistance

@: berserking (expiring), very quick, not resistant to hostile enchantments,
extremely unstealthy
A: retaliatory headbutt, horns 2
a: Berserk, Trog's Hand, Brothers in Arms, Burn Spellbooks, Renounce Religion


You were on level 9 of the Dungeon.
You worshipped Trog.
Trog was extremely pleased with you.
You were hungry.

You visited 2 branches of the dungeon, and saw 10 of its levels.

You collected 468 gold pieces.

Inventory:

Hand Weapons
 E - a +1 war axe of draining
 I - a +2 vampiric hand axe (weapon)
Missiles
 J - 6 javelins of penetration
 M - 3 tomahawks of returning (quivered)
Armour
 a - a +2 pair of gloves (worn)
 b - a +0 cloak (worn)
 O - a +0 plate armour (worn)
Jewellery
 m - a ring of poison resistance (left hand)
 o - an uncursed ring of see invisible
 x - an amulet of resist corrosion (around neck)
 y - a +3 ring of protection
 C - an uncursed amulet of resist mutation {unknown}
 N - a +3 ring of slaying (right hand)
Wands
 H - a wand of digging (9)
Scrolls
 d - a scroll of blinking {unknown}
 k - a scroll of enchant armour
 l - 5 scrolls of teleportation
 p - 3 scrolls of recharging
 q - a scroll of summoning {unknown}
 r - a scroll of fog
 D - 2 scrolls of noise {unknown}
 F - 6 scrolls of remove curse
 G - a scroll of random uselessness {unknown}
Potions
 e - 2 potions of agility
 f - 4 potions of ambrosia
 g - a potion of resistance
 h - a potion of mutation {unknown}
 j - 2 potions of heal wounds {unknown}
 n - a potion of cure mutation {unknown}
 s - 2 potions of curing
 u - a potion of berserk rage {unknown}
 v - 3 potions of flight
 z - 4 potions of brilliance
 A - a potion of haste {unknown}
Comestibles
 c - 4 bread rations
 i - a beef jerky
 t - 4 meat rations
 w - 15 fruits
 L - 6 slices of pizza


   Skills:
 * Level 11.4 Fighting
 * Level 11.1 Axes
 + Level 6.2 Throwing
 + Level 8.2 Armour
 + Level 7.5 Dodging


You had 10 spell levels left.
You didn't know any spells.

Dungeon Overview and Level Annotations

Branches:
Dungeon (9/15)             Temple (1/1) D:5
   Lair: D:8-11         Orc: D:9-12

Altars:
Ashenzari
Cheibriados
Dithmenos
Qazlal
Ru
Trog
Xom


Innate Abilities, Weirdness & Mutations

You reflexively headbutt those who attack you in melee.
You have a pair of horns on your head.


Message History

You have reached level 11!
The swamp worm bites you but does no damage.
The swamp worm barely misses you.
Your unstable footing causes you to fumble your attack.
The swamp worm bites you but does no damage.
Your unstable footing causes you to fumble your attack.
The swamp worm bites you but does no damage. x2
Unknown command.
You barely miss the swamp worm. You headbutt the swamp worm!
The swamp worm is almost dead.
You slash the swamp worm!
You feel better.
The swamp worm is heavily wounded.
You completely miss the swamp worm.
The swamp worm is moderately wounded.
The swamp worm bites you!
* * * LOW HITPOINT WARNING * * *
The swamp worm bites you!
* * * LOW HITPOINT WARNING * * *
The swamp worm bites you!
You die...

#################
#.....≈≈≈≈≈≈≈...##
#.##≈≈≈≈≈≈≈≈≈≈≈..#######
##.#≈≈≈#######≈≈≈.......#
#...≈≈P#≈†ww≈##≈≈.......#
#...≈≈≈††@www%#≈≈.####).#
#...≈≈P#≈†ww≈##≈≈.# #..#
#...≈≈≈#######≈≈≈#####..##
#...#≈≈≈≈≈≈≈≈≈≈≈##........
#....#.≈≈≈≈≈≈≈####.###..##
#..#....####....##.# #(.>.
#..#.###.###.......# ##(##
#....# #..#####.#### #.#
#.##.###...≈.P### ####


You could see 7 swamp worms.

Vanquished Creatures
  A hydra (D:9)
  A manticore (D:7)
  A cyclops (D:8)
  3 steam dragons (D:9)
  12 yaks (D:9)
  The ghost of culcha the Ducker, an amateur DrBe of Trog (D:4)
  A hungry ghost (D:7)
  Menkaure (D:7)
  2 swamp worms (D:9)
  A mottled dragon (D:8)
  An orc warrior (D:9)
  A sky beast (D:6)
  2 ice beasts (D:5)
  An eye of draining (D:8)
  4 phantoms
  3 ogres
  2 black bears
  4 centaurs
  7 big kobolds
  3 giant frogs
  3 scorpions
  4 hounds
  2 crimson imps
  3 orc priests
  Crazy Yiuf (D:3)
  3 giant frog zombies
  A jelly (D:8)
  2 iguanas
  6 orc wizards
  2 sheep (D:9)
  6 worker ants
  4 gnolls (D:4)
  7 adders
  A shadow imp (D:7)
  2 oozes (D:3)
  2 adder skeletons
  An adder zombie (D:9)
  13 worms
  3 giant geckos
  31 orcs
  10 bats
  4 giant cockroaches
  8 goblins
  7 hobgoblins
  2 jackals (D:3)
  34 kobolds
  4 quokkas
  4 giant newts
  5 rats
  A plant (D:9)
228 creatures vanquished.

Vanquished Creatures (others)
  A plant (D:9)
1 creature vanquished.

Grand Total: 229 creatures vanquished

Notes
Turn   | Place    | Note
--------------------------------------------------------------
     0 | D:1      | shmeve the Minotaur Berserker began the quest for the Orb.
     0 | D:1      | Reached XP level 1. HP: 19/19 MP: 0/0
   149 | D:1      | Reached XP level 2. HP: 24/27 MP: 1/1
   154 | D:1      | Reached skill level 4 in Fighting
   613 | D:1      | Reached ** piety under Trog
   613 | D:1      | Reached XP level 3. HP: 22/33 MP: 2/2
  1129 | D:2      | Found a sacrificial altar of Ru.
  1391 | D:3      | Found a shimmering altar of Xom.
  1398 | D:3      | Reached skill level 1 in Throwing
  1398 | D:3      | Reached XP level 4. HP: 36/41 MP: 3/3
  1476 | D:3      | Found a shadowy altar of Dithmenos.
  1559 | D:3      | Reached XP level 5. HP: 47/47 MP: 4/4
  1693 | D:3      | Reached skill level 5 in Fighting
  1693 | D:3      | Reached skill level 5 in Axes
  1879 | D:3      | Reached *** piety under Trog
  2006 | D:3      | Noticed Crazy Yiuf
  2013 | D:3      | Killed Crazy Yiuf
  2214 | D:4      | Noticed an ogre
  2216 | D:4      | Reached XP level 6. HP: 56/56 MP: 5/5
  2217 | D:4      | Killed an ogre
  2297 | D:4      | Noticed culcha's ghost (amateur DrBe)
  2310 | D:4      | Killed culcha's ghost
  2310 | D:4      | Reached skill level 6 in Fighting
  2310 | D:4      | Reached XP level 7. HP: 45/63 MP: 6/6
  2955 | D:5      | Entered Level 5 of the Dungeon
  3082 | D:5      | Found a bloodstained altar of Trog.
  3099 | D:5      | Found a sacrificial altar of Ru.
  3142 | D:5      | Found a staircase to the Ecumenical Temple.
  3213 | D:5      | Reached skill level 5 in Armour
  3381 | D:5      | Reached skill level 7 in Fighting
  3381 | D:5      | Reached XP level 8. HP: 70/73 MP: 7/7
  3645 | Temple   | Entered the Ecumenical Temple
  3925 | D:6      | Reached skill level 5 in Dodging
  4666 | D:7      | Reached skill level 8 in Fighting
  4688 | D:7      | Reached **** piety under Trog
  4690 | D:7      | Reached XP level 9. HP: 65/82 MP: 8/8
  4770 | D:7      | Noticed a manticore
  4783 | D:7      | Killed a manticore
  5049 | D:7      | Reached skill level 9 in Fighting
  5144 | D:7      | Noticed Menkaure
  5151 | D:7      | Killed Menkaure
  5536 | D:8      | Noticed a cyclops
  5560 | D:8      | Killed a cyclops
  5573 | D:8      | Reached skill level 5 in Throwing
  5732 | D:8      | Found a shattered altar of Ashenzari.
  6003 | D:8      | Found a snail-covered altar of Cheibriados.
  6421 | D:9      | Reached XP level 10. HP: 50/93 MP: 9/9
  6455 | D:9      | Reached skill level 10 in Fighting
  6487 | D:9      | Reached ***** piety under Trog
  6495 | D:9      | Reached skill level 10 in Axes
  6506 | D:9      | Received a gift from Trog
  6718 | D:9      | Noticed a three-headed hydra
  6731 | D:9      | Killed a 12-headed hydra
  6731 | D:9      | Reached skill level 11 in Fighting
  6782 | D:9      | Received a gift from Trog
  6965 | D:9      | Found a stormy altar of Qazlal.
  7368 | D:9      | Received a gift from Trog
  7375 | D:9      | Reached XP level 11. HP: 29/102 MP: 10/10
  7378 | D:9      | Slain by a swamp worm

Action                   |  1- 3 |  4- 6 |  7- 9 | 10-12 || total
-------------------------+-------+-------+-------+-------++-------
Melee: Hand axe          |    93 |    44 |    86 |   257 ||   480
       War axe           |       |    40 |   209 |       ||   249
Throw: Tomahawk          |       |       |     2 |     8 ||    10
       Javelin           |       |       |       |     1 ||     1
Invok: Berserk           |       |     2 |     2 |     2 ||     6
       Trog's Hand       |       |       |     2 |       ||     2
       Burn Spellbooks   |       |       |     1 |       ||     1
  Use: Scroll            |       |       |    17 |     1 ||    18
 Stab: Sleeping          |     1 |       |       |       ||     1
  Eat: Chunk             |     2 |     4 |     8 |     4 ||    18
       Meat ration       |       |       |     1 |       ||     1
       Fruit             |       |       |    13 |     1 ||    14
